 Dungeon Crawl Stone Soup version 0.32-a0-921-g04a7ad8e02 (webtiles) character file.

Game seed: 14448078312077347374

95111 tajemnic the Bludgeoner (level 15, -2/204 (208) HPs)
             Began as a Mountain Dwarf Artificer on Apr 12, 2024.
             Was an Initiate of Gozag.
             Slain by a redback (3 damage)
             ... on level 1 of the Spider Nest.
             The game lasted 01:07:58 (28143 turns).

tajemnic the Bludgeoner (Mountain Dwarf Artificer) Turns: 28143, Time: 01:07:59

HP:   -2/204 (208)  AC: 33    Str: 22    XL:     15   Next: 65%
MP:   15/15         EV:  3    Int: 12    God:    Gozag
Gold: 2198          SH: 23    Dex: 10    Spells: 14/14 levels left

rFire   + . .        t - +7 flail (spect)
rCold   + . .        r - +1 tower shield
rNeg    . . .        n - +0 gold dragon scales
rPois   +            A - +2 helmet
rElec   .            Q - +0 cloak
rCorr   .            y - +0 pair of gloves
SInv    .            N - +1 pair of boots
Will    +....        e - amulet of reflection Stlth
                     T - ring of poison resistance
HPRegen 0.54/turn    V - +4 ring of protection
MPRegen 0.14/turn

%: reflection
@: berserking (expiring), spiked, gold aura, lightly drained, very quick
A: runic magic, artefact enchanting
a: Renounce Religion, Potion Petition, Call Merchant, Bribe Branch


You were on level 1 of the Spider Nest.
You worshipped Gozag.
Gozag was most pleased with you.
You visited 6 branches of the dungeon, and saw 24 of its levels.
You visited 1 bazaar.
You also visited: Ossuary and Volcano.

You collected 6311 gold pieces.
You spent 984 gold pieces at shops.
You paid 3129 gold pieces to Gozag.

Inventory:

Hand Weapons
 t - a +7 spectral flail (weapon)
Armour
 n - +0 gold dragon scales (worn)
 r - a +1 tower shield (worn)
 y - a +0 pair of gloves (worn)
 A - a +2 helmet (worn)
 N - a +1 pair of boots (worn)
 Q - a +0 cloak (worn)
 Z - a scarf of invisibility
Jewellery
 b - a +6 ring of intelligence
 e - an amulet of reflection (around neck)
 f - a +6 ring of dexterity
 g - a ring of positive energy
 i - a ring of ice
 l - a ring of wizardry
 u - a ring of fire
 w - an amulet of regeneration
 F - a ring of see invisible
 H - a ring of resist corrosion
 I - a +4 ring of protection
 J - a ring of positive energy
 T - a ring of poison resistance (left hand)
 V - a +4 ring of protection (right hand)
 W - a +6 ring of dexterity
Wands
 c - a wand of flame (18) (quivered)
 B - a wand of charming (4)
 S - a wand of mindburst (1)
 X - a wand of polymorph (1)
Scrolls
 a - 2 scrolls of silence
 d - a scroll of immolation
 j - 11 scrolls of teleportation
 k - a scroll of brand weapon
 o - a scroll of vulnerability
 q - 3 scrolls of identify
 x - a scroll of fog
 z - 2 scrolls of summoning
 L - a scroll of blinking
 M - a scroll of poison
 O - a scroll of fear
 Y - 2 scrolls of revelation
Potions
 h - 5 potions of curing
 m - 7 potions of might
 p - 4 potions of heal wounds
 s - 6 potions of enlightenment
 C - 6 potions of ambrosia
 D - 4 potions of resistance
 E - 3 potions of invisibility
 G - 7 potions of haste
 K - 2 potions of brilliance
 R - 2 potions of attraction


   Skills:
 + Level 14.7 Fighting
 - Level 2.1(11.9) Axes
 + Level 17.9(18.0) Maces & Flails
 + Level 14.4 Armour
 - Level 0.6 Dodging
 - Level 0.6 Stealth
 + Level 14.9 Shields
 + Level 8.3 Evocations


You had 14 spell levels left.
You didn't know any spells.
Your spell library contained the following spells:

 Spells                   Type           Power      Damage    Failure   Level
 Foxfire                  Conj/Fire      0%         2x1d4     91%         1
 Kiss of Death            Conj/Necr      0%         2d5       91%         1
 Magic Dart               Conj           0%         1d3       91%         1
 Shock                    Conj/Air       0%         1d3       91%         1
 Blink                    Tloc           0%         N/A       97%         2
 Call Imp                 Summ           0%         N/A       97%         2
 Cigotuvi's Dreadful Rot  Necr/Alch/Air  0%         N/A       97%         2
 Confusing Touch          Hex            0%         N/A       100%        3
 Inner Flame              Hex/Fire       0%         N/A       100%        3
 Swiftness                Air            0%         N/A       100%        3
 Tukima's Dance           Hex            0%         N/A       100%        3
 Airstrike                Air            0%         2d(0-16)  100%        4
 Dispel Undead            Necr           0%         3d6       100%        4
 Martyr's Knell           Necr/Summ      0%         N/A       100%        4
 Passage of Golubria      Tloc           0%         N/A       100%        4
 Irradiate                Conj/Alch      0%         3d11      100%        5
 Iskenderun's Battlesphe  Conj           0%         2d6       100%        5
 Yara's Violent Unravell  Hex/Alch       0%         3d3       100%        5
 Bombard                  Conj/Erth      0%         9d1       100%        6
 Plasma Beam              Fire/Air       0%         2x1d10    100%        6
 Starburst                Conj/Fire      0%         6d3       100%        6
 Haunt                    Necr/Summ      0%         N/A       100%        7
 Spellforged Servitor     Conj/Summ      0%         N/A       100%        7
 Ignition                 Fire           0%         3d3       100%        8
 Infestation              Necr           0%         N/A       100%        8
 Animate Dead             Necr           Unusable   N/A       N/A         4

Dungeon Overview and Level Annotations

Branches:
Dungeon (15/15)            Temple (1/1) D:7            Lair (4/5) D:11
  Swamp (0/4) Lair:2       Spider (1/4) Lair:2          Orc (2/2) D:10
    Elf (1/3) Orc:2        Vaults (0/5) D:14         Depths (0/4) D:15
Ossuary (visited)         Volcano (visited)
  Slime: Lair:4-5

Altars:
Ashenzari
Cheibriados
Dithmenos
Elyvilon
Fedhas
Gozag
Hepliaklqana
Kikubaaqudgha
Makhleb
Nemelex Xobeh
Okawaru
Qazlal
Ru
Sif Muna
Trog
Uskayaw
Vehumet
Wu Jian
Xom
Yredelemnul
Zin
The Shining One
Beogh

Shops:
D:10 ![*   Orc:1 [(?   Orc:2 ?[[:**   Elf:1 [

Annotations:
D:10 2 transporters, Fandomethor's ghost, journeyman GnSh
Elf:1 Donald


Innate Abilities, Weirdness & Mutations

Your spellcasting is much less encumbered by armour.
You can use scrolls of enchantment on lesser artefacts.


Message History

The redback bites you.
* * * LOW HITPOINT WARNING * * *
The redback bites you but does no damage.
You block the jumping spider's attack.
The jumping spider bites you but does no damage.
You closely miss the jumping spider.
The jumping spider is moderately wounded.
Your +7 spectral flail barely misses the jumping spider.
You block the redback's attack.
You block the jumping spider's attack. x2
The redback is distracted by your dazzling golden aura.
You miss the jumping spider.
The jumping spider is moderately wounded.
Your +7 spectral flail hits the jumping spider.
You block the redback's attack.
You block the jumping spider's attack. x2
You barely miss the jumping spider.
The jumping spider is moderately wounded.
Your +7 spectral flail hits the jumping spider.
The redback is no longer berserk.
The redback is no longer distracted by gold.
The demonic crawler is no longer distracted by gold.
You block the redback's attack. x2
The jumping spider pounces on your +7 spectral flail.
Your spectral weapon shares its damage with you!
* * * LOW HITPOINT WARNING * * *
The jumping spider bites your +7 spectral flail!
Your spectral weapon shares its damage with you!
* * * LOW HITPOINT WARNING * * *
You block the demonic crawler's attack. x2
The demonic crawler hits you but does no damage.
The redback bites you but does no damage.
You closely miss the jumping spider.
The jumping spider is heavily wounded.
Your +7 spectral flail misses the jumping spider.
You block the jumping spider's attack.
The jumping spider bites you but does no damage.
You block the demonic crawler's attack. x3
The redback bites you but does no damage.
The redback bites you.
You die...
Your body crumbles into a pile of gold.

##### #.......#.#.#.
###.#.# #......#....
##.....## #.y.#.......
##.....(.# ##..$....#..
##.....^.#### ##........#
#.........#.# #.#........
.....#.^....###....#.....
................ss.......
.....#..#......#@(.......
................ss...^...
..................#......
.....>^....##.........#..
....................##...
.#....^.......#.....# ..
.........#....#......
......................
............#......


You could see a demonic crawler (berserk), a jumping spider (berserk, ally
target), 2 redbacks and a friendly +7 spectral flail.

Vanquished Creatures
  A fire dragon (D:15)
  Harold (Lair:2)
  A vault guard (D:14)
  An ice dragon (D:15)
  3 ogre magi (Orc:2)
  3 hydras
  3 catoblepae
  2 centaur warriors
  20 two-headed ogres
  6 boulder beetles
  A radroach (Lair:2)
  Erica (D:8)
  2 demonic crawlers (Lair:2)
  An occultist (D:15)
  A hell knight (Volcano)
  Nergalle (Lair:2)
  A skeletal warrior (D:12)
  3 pharaoh ants
  An orb spider (Spider:1)
  A sun moth (Spider:1)
  2 bog bodies (Lair:2)
  2 steelbarb worms (Spider:1)
  6 deep elf pyromancers
  Pikel (D:5)
  2 deep elf zephyrmancers
  A lindwurm (Lair:3)
  2 wolf spiders (Lair:2)
  6 orc knights
  8 cyclopes
  3 manticores
  22 ugly things
  A moth of wrath (Spider:1)
  A meliai (shapeshifter) (D:12)
  2 elephants (D:11)
  3 black mambas
  2 molten gargoyles (Volcano)
  2 rime drakes
  Jeremiah (D:7)
  9 cane toads
  7 komodo dragons
  4 yaktaurs (D:15)
  3 kobold demonologists (D:11)
  An efreet (D:14)
  2 freezing wraiths
  A tengu conjurer (D:12)
  A queen bee (Lair:2)
  2 red devils (Volcano)
  A queen bee (shapeshifter) (D:10)
  6 trolls
  Grinder (D:5)
  7 tarantellas
  11 jumping spiders
  4 blink frogs (Lair:1)
  A raiju (shapeshifter) (D:13)
  4 culicivoras
  6 spriggans (Lair:4)
  Sigmund (D:2)
  4 wraiths
  6 slime creatures (D:12)
  5 basilisks
  2 fire bats (Volcano)
  4 wyverns
  A vampire (D:14)
  A yak (shapeshifter) (D:14)
  37 yaks
  5 wargs
  7 redbacks
  A steam dragon (D:9)
  An acid dragon (D:8)
  15 water moccasins
  A hell hound (Volcano)
  Duvessa (D:5)
  2 ice beasts (D:5)
  18 orc warriors
  13 ogres
  2 centaurs
  4 wolves
  3 lemures
  4 kobold brigands
  Blork the orc (D:5)
  13 bullfrogs
  A gnoll sergeant (D:10)
  5 scorpions
  11 wights
  Dowan (D:5)
  20 killer bees
  4 howler monkeys
  2 electric eels (Lair:2)
  8 lava snakes
  3 bullfrog zombies (Ossuary)
  2 hounds
  A jelly (D:5)
  Crazy Yiuf (D:5)
  8 orc priests
  A gnoll bouda (D:6)
  3 iguanas
  3 sleepcaps
  9 orc wizards
  4 crocodile zombies (Ossuary)
  2 hound zombies (Ossuary)
  11 mummies
  14 gnolls
  7 howler monkey zombies (Ossuary)
  8 adders
  3 shadow imps
  3 white imps
  2 ufetubi (D:6)
  5 ribbon worms
  2 dart slugs
  53 orcs
  4 bats
  4 endoplasms
  5 giant cockroaches
  9 hobgoblins
  3 quokkas
  7 ball pythons
  A ball python zombie (Ossuary)
  3 frilled lizards
  6 goblins
  A goblin zombie (D:4)
  33 kobolds
  An orc zombie (D:4)
  11 rats
  2 butterflies (Lair:4)
631 creatures vanquished.

Vanquished Creatures (collateral kills)
  A two-headed ogre (Orc:2)
  An orc knight (Orc:2)
  A smoke demon (Volcano)
  A red devil (Volcano)
  Menkaure (D:5)
  3 orcs
  3 kobolds (D:4)
11 creatures vanquished.

Vanquished Creatures (others)
  A dancing weapon (Elf:1)
  Sonja (Lair:2)
  A deep elf archer (Elf:1)
  2 deep elf pyromancers (Elf:1)
  An orc knight (Orc:2)
  2 air elementals (Elf:1)
  An orc warrior (D:10)
  A kobold brigand (D:4)
  An orc wizard (D:8)
  2 kobolds (D:4)
  13 spectral weapons
26 creatures vanquished.

Grand Total: 668 creatures vanquished

Notes
Turn   | Place    | Note
-------+----------+-------------------------------------------
     0 | D:1      | tajemnic the Mountain Dwarf Artificer began the quest for
                  | the Orb.
     0 | D:1      | Reached XP level 1. HP: 16/16 MP: 1/1
   376 | D:1      | Reached XP level 2. HP: 22/23 MP: 2/2
   577 | D:1      | Reached skill level 1 in Maces & Flails
  1387 | D:2      | Reached XP level 3. HP: 26/28 MP: 3/3
  1540 | D:2      | Noticed Sigmund
  1543 | D:2      | Killed Sigmund
  1544 | D:2      | Reached skill level 4 in Maces & Flails
  1544 | D:2      | Reached XP level 4. HP: 37/37 MP: 4/4
  1544 | D:2      | Reached XP level 5. HP: 42/42 MP: 5/5
  2316 | D:3      | Reached skill level 1 in Axes
  2575 | D:3      | Found a faded altar of an unknown god.
  2580 | D:3      | Reached XP level 6. HP: 50/50 MP: 6/6
  3632 | D:4      | Reached skill level 5 in Maces & Flails
  3780 | D:4      | Found a sand-covered staircase.
  3787 | Ossuary  | Entered an ossuary
  3817 | Ossuary  | Reached XP level 7. HP: 57/57 MP: 7/7
  3983 | Ossuary  | Reached skill level 6 in Maces & Flails
  4037 | Ossuary  | Reached skill level 5 in Evocations
  4431 | D:4      | Reached skill level 7 in Maces & Flails
  4431 | D:4      | Reached skill level 5 in Armour
  4431 | D:4      | Reached XP level 8. HP: 60/66 MP: 8/8
  4829 | D:5      | Entered Level 5 of the Dungeon
  4853 | D:5      | Noticed Pikel
  4961 | D:5      | Killed Pikel
  4962 | D:5      | Reached skill level 8 in Maces & Flails
  4975 | D:5      | Noticed Menkaure
  4976 | D:5      | Noticed Dowan
  4981 | D:5      | Noticed Duvessa
  5057 | D:5      | Killed Duvessa
  5065 | D:5      | Killed Dowan
  5075 | D:5      | Killed Menkaure
  5086 | D:5      | Reached skill level 9 in Maces & Flails
  5201 | D:5      | Found a hide-covered altar of Uskayaw.
  5468 | D:5      | Noticed Grinder
  5479 | D:5      | Killed Grinder
  5480 | D:5      | Reached XP level 9. HP: 67/73 MP: 9/9
  5589 | D:5      | Reached skill level 5 in Fighting
  5719 | D:5      | Noticed Blork the orc
  5728 | D:5      | Killed Blork the orc
  5753 | D:5      | Found a sacrificial altar of Ru.
  5789 | D:5      | Found a runed translucent door.
  5790 | D:5      | Noticed Crazy Yiuf
  5798 | D:5      | Killed Crazy Yiuf
  5977 | D:6      | Reached skill level 10 in Maces & Flails
  6635 | D:7      | Noticed Jeremiah
  6684 | D:7      | Killed Jeremiah
  6925 | D:7      | Reached skill level 11 in Maces & Flails
  7021 | D:7      | Found a staircase to the Ecumenical Temple.
  7135 | Temple   | Entered the Ecumenical Temple
  7228 | Temple   | Became a worshipper of Gozag Ym Sagoz the Greedy
  7875 | D:8      | Reached XP level 10. HP: 73/81 MP: 10/10
  7942 | D:8      | Noticed a two-headed ogre
  7947 | D:8      | Killed a two-headed ogre
  8232 | D:8      | Noticed Erica
  8249 | D:8      | Killed Erica
  8250 | D:8      | Reached skill level 12 in Maces & Flails
  8891 | D:9      | Reached skill level 10 in Armour
  9031 | D:9      | Noticed a two-headed ogre
  9039 | D:9      | Killed a two-headed ogre
  9181 | D:9      | Found a glowing golden altar of the Shining One.
  9325 | D:9      | Reached skill level 13 in Maces & Flails
  9325 | D:9      | Reached XP level 11. HP: 81/94 MP: 11/11
  9464 | D:10     | Entered Level 10 of the Dungeon
  9478 | D:10     | Noticed a deep elf pyromancer
  9483 | D:10     | Noticed Fandomethor's ghost (journeyman GnSh)
  9485 | D:10     | Found a transporter.
  9488 | D:10     | Found a transporter.
  9499 | D:10     | Found Laiciweo's Distillery.
  9577 | D:10     | Found a radiant altar of Vehumet.
  9596 | D:10     | Identified the +4 rapier of the Six Servitors {protect,
                  | rPois Dex+4}
  9600 | D:10     | Found Xousoxil's Armour Boutique.
  9743 | D:10     | Found a staircase to the Orcish Mines.
 10004 | D:10     | Found Zeoffol's General Store.
 10223 | D:11     | Noticed a soul eater
 10244 | D:10     | Reached skill level 14 in Maces & Flails
 10519 | D:11     | Reached skill level 1 in Shields
 10634 | D:11     | Noticed a two-headed ogre
 10642 | D:11     | Killed a two-headed ogre
 10710 | D:11     | Found a staircase to the Lair.
 10785 | D:11     | Noticed a two-headed ogre
 10790 | D:11     | Killed a two-headed ogre
 11127 | Orc:1    | Entered Level 1 of the Orcish Mines
 11135 | Orc:1    | Found Ivadal's Magic Scroll Shoppe.
 11203 | Orc:1    | Found Xyfumn's Antique Weapon Shop.
 11219 | Orc:1    | Found Elaeba's Armour Shop.
 11365 | Orc:2    | Entered Level 2 of the Orcish Mines
 11365 | Orc:2    | Noticed an orc sorcerer
 11365 | Orc:2    | Found Guonn's Antique Armour Emporium.
 11366 | Orc:2    | an orc sorcerer changed into a black mamba
 11396 | Orc:2    | Found a staircase to the Elven Halls.
 11676 | Orc:2    | Noticed a two-headed ogre
 11882 | Orc:2    | Killed a two-headed ogre
 11883 | Orc:2    | Reached skill level 15 in Maces & Flails
 11883 | Orc:2    | Reached XP level 12. HP: 95/106 MP: 12/12
 12301 | Orc:2    | Noticed a two-headed ogre
 12303 | Orc:2    | Noticed an ogre mage
 12319 | Orc:2    | Killed a two-headed ogre
 12324 | Orc:2    | Killed an ogre mage
 12333 | Orc:2    | Reached skill level 10 in Fighting
 12333 | Orc:2    | Reached skill level 5 in Shields
 12542 | Orc:2    | Noticed a two-headed ogre
 12545 | Orc:2    | Noticed a two-headed ogre
 12550 | Orc:2    | Killed a two-headed ogre
 12558 | Orc:2    | Killed a two-headed ogre
 12589 | Orc:2    | Found a roughly hewn altar of Beogh.
 12592 | Orc:2    | Noticed a two-headed ogre
 12595 | Orc:2    | Noticed a two-headed ogre
 12596 | Orc:2    | Noticed a two-headed ogre
 12599 | Orc:2    | Killed a two-headed ogre
 12604 | Orc:2    | Killed a two-headed ogre
 12615 | Orc:2    | Killed a two-headed ogre
 12642 | Orc:2    | Found Lusav's General Store.
 12677 | Orc:2    | Noticed an ogre mage
 12841 | Orc:2    | Noticed a two-headed ogre
 12846 | Orc:2    | Killed a two-headed ogre
 12858 | Orc:2    | Killed an ogre mage
 13057 | Orc:2    | Noticed an ogre mage
 13066 | Orc:2    | Killed an ogre mage
 13114 | Orc:2    | Noticed a two-headed ogre
 13124 | Orc:2    | Killed a two-headed ogre
 13130 | Orc:2    | Noticed a two-headed ogre
 13138 | Orc:2    | Killed a two-headed ogre
 13211 | Orc:2    | Noticed a two-headed ogre
 13218 | Orc:2    | Killed a two-headed ogre
 13269 | Orc:2    | Noticed a two-headed ogre
 13278 | Orc:2    | Killed a two-headed ogre
 13279 | Orc:2    | Reached XP level 13. HP: 57/116 MP: 13/13
 13471 | Orc:2    | Found Tuyturgh's Assorted Antiques.
 13489 | Orc:2    | Bought a scroll labelled KILUOROESSOXZU for 24 gold pieces
 13518 | Orc:2    | Found Rukijui's Book Shop.
 13611 | Orc:2    | Found Doimis's Magic Scroll Shop.
 13613 | Orc:2    | Found Jeuptor's Antique Armour Boutique.
 13901 | Lair:1   | Entered Level 1 of the Lair of Beasts
 14448 | D:11     | Reached skill level 16 in Maces & Flails
 15589 | Lair:2   | Noticed Harold
 15604 | Lair:2   | Killed Harold
 15942 | Lair:2   | Found a hole to the Spider Nest.
 16067 | Lair:2   | Noticed Sonja
 16076 | Lair:2   | Killed Sonja
 16200 | Lair:2   | Noticed Nergalle
 16222 | Lair:2   | Killed Nergalle
 16231 | Lair:2   | Reached skill level 10 in Shields
 16487 | Lair:2   | Found a staircase to the Swamp.
 16897 | Elf:1    | Entered Level 1 of the Elven Halls
 17313 | Elf:1    | Paralysed by an air elemental for 1 turns
 17316 | Elf:1    | Paralysed by an air elemental for 1 turns
 17321 | Elf:1    | Paralysed by an air elemental for 1 turns
 17324 | Elf:1    | Paralysed by an air elemental for 1 turns
 17327 | Elf:1    | Paralysed by an air elemental for 1 turns
 17328 | Elf:1    | Noticed Donald
 17329 | Elf:1    | Found Aneumow's Antique Armour Emporium.
 17353 | Elf:1    | HP: 5/119 [deep elf zephyrmancer/bolt of lightning (19)]
 18300 | D:12     | Reached XP level 14. HP: 121/127 MP: 14/14
 18965 | D:12     | Identified the +1 rapier of Zuomotsu {heavy, Str+4 Int+2}
 20389 | D:14     | Found a gate to the Vaults.
 20451 | D:14     | Reached skill level 17 in Maces & Flails
 22006 | D:15     | Entered Level 15 of the Dungeon
 22038 | D:15     | Found a glowing golden altar of the Shining One.
 22643 | D:15     | Reached XP level 15. HP: 100/138 MP: 15/15
 22697 | D:15     | Found a flickering gateway to a bazaar.
 23042 | D:15     | Found a staircase to the Depths.
 23338 | D:15     | Found a stormy altar of Qazlal.
 23380 | Bazaar   | Entered a bazaar
 23387 | Bazaar   | Found Roaram's Antique Armour Shop.
 23409 | Bazaar   | Found Eciskus's Book Shop.
 23443 | Bazaar   | Bought gold dragon scales for 960 gold pieces
 24009 | Lair:3   | Found a runed translucent door.
 24670 | Lair:3   | Found a runed translucent gate.
 24670 | Lair:3   | Found a runed translucent gate.
 24671 | Lair:3   | Found a runed translucent gate.
 24671 | Lair:3   | Found a runed translucent gate.
 24671 | Lair:3   | Found a runed translucent gate.
 24682 | Lair:3   | Found a runed translucent gate.
 24926 | Lair:4   | Found a dark tunnel.
 24973 | Volcano  | Entered a volcano
 25232 | Volcano  | Found a bloodstained altar of Trog.
 26775 | Spider:1 | Entered Level 1 of the Spider Nest
 28137 | Spider:1 | HP: 6/202 [jumping spider (5)]
 28142 | Spider:1 | HP: 3/204 [jumping spider (4)]
 28142 | Spider:1 | HP: 1/204 [jumping spider (2)]
 28143 | Spider:1 | Slain by a redback

Illustrated notes

Levels and vault maps discovered:
D:1:      lemuel_arrival_tunnels, layout_basic
D:2:      layout_basic, serial_corexii_hall, corexii_hall_statues_x,
          chequers_hall_statues_corner_a, grunt_ministairs_11, uniq_sigmund
D:3:      layout_loops_ring, chequers_ecumenical_altar_simple
D:4:      kennysheep_kobold_camp, layout_rooms, nicolae_ossuary_entry_giza,
          hangedman_decor_push, minivault_25, nicolae_titane
D:5:      layout_loops_cross, mainiacjoe_overflow_swirl,
          mrwooster_statue_mirror, kennysheep_big_empty_room,
          uniq_crazy_yiuf_cottage, uniq_duvessa, uniq_pikel, uniq_blork_the_orc,
          uniq_menkaure, uniq_grinder
D:6:      layout_loops_cross
D:7:      layout_basic, minmay_temple_entry_glassed_door,
          serial_co_window_serial, co_window_corner_a, co_window_cross_1,
          co_window_paths_a, co_window_corner_a, co_window_of_opportunity_a,
          co_window_of_opportunity_c, co_window_unsneaky_path_e,
          co_window_2corner, co_window_unsneaky_path_e, co_window_corner_b,
          co_window_broadway_b, glass_columns_a, glass_columns_b,
          glass_columns_b, glass_columns_b, feat_on_display, uniq_jeremiah
D:8:      layout_loops_ring, uniq_erica
D:9:      layout_basic, nicolae_tso_carved_into_rock
D:10:     layout_cross, lemuel_round_altar,
          kennysheep_orc_monster_closet_entryway, gammafunk_ghost_arena,
          serial_shops, shop, shop, nicolae_shop_waterfront, dk_vineyard_3
D:11:     layout_basic, grunt_lair_entry_orc_guard_hut
D:12:     minmay_crescents, layout_basic
D:13:     layout_loops_ring
D:14:     layout_gridville, david_vaults_4, serial_glass, glass_columns_a,
          glass_columns_b, serial_bayou_pond_c
D:15:     grunt_enter_depths_hoard, layout_irregular_city, serial_shops,
          bzr_entry_lakeside, old_standard_altar,
          nicolae_qazlal_scattered_showers
Temple:   mainiacjoe_temple_bowtie_tessellation
Lair:1:   hellmonk_ruined_rings, layout_concentric_octagons, lemuel_fruit_fields
Lair:2:   layout_roguey [special_room_bee], nicolae_swamp_entry_splash_gauntlet,
          nicolae_spider_entry_lesser_pyramids, uniq_harold, uniq_nergalle,
          uniq_sonja
Lair:3:   gammafunk_indiana_jones, layout_hall_layers, minivault_27,
          infiniplex_staircase_pool
Lair:4:   layout_long_grid, nicolae_volcano_entry_two_sided,
          dreamdust_mushroom_princess, wad_woods_01, lemuel_fruit_fields
Spider:1: layout_spider_delve, nicolae_spider_webbed_stairs
Orc:1:    layout_caves, serial_shops, nicolae_shop_behind_doors, shop,
          nicolae_shop_tiny_glass, shop, uniq_urug
Orc:2:    st_orc_town, layout_caves, serial_shops, shop_statue, shop
Elf:1:    eino_elf_arrival_sip, layout_gridlike, serial_shops,
          nicolae_shop_crystal, minmay_elf_demonology,
          minmay_checkered_concentric_circles, uniq_donald

Skill      XL: |  1  2  3  4  5  6  7  8  9 10 11 12 13 14 15 |
---------------+----------------------------------------------+-----
Evocations     | 4 5 6 7 8 |  8.3
Maces & Flails | 1 4 5 7 9 11 13 15 16 17 | 17.9
Fighting       | 2 3 4 6 8 9 11 12 14 | 14.7
Armour         | 3 4 5 6 8 10 11 12 13 14 | 14.4
Axes           | 1 2 |  2.1
Shields        | 3 7 10 13 14 | 14.9
Dodging        | |  0.6
Stealth        | |  0.6

Action                     |  1- 3 |  4- 6 |  7- 9 | 10-12 | 13-15 || total
---------------------------+-------+-------+-------+-------+-------++-------
  Melee: Club              |   137 |       |       |       |       ||   137
         Battleaxe         |     1 |   125 |       |       |       ||   126
         Flail             |       |    60 |   329 |   618 |  1291 ||  2298
 Invoke: Bribe Branch      |       |       |       |       |     1 ||     1
  Evoke: Wand              |     5 |    13 |    31 |    33 |    21 ||   103
    Use: Scroll            |       |     6 |    15 |     5 |    14 ||    40
         Potion            |       |       |     1 |     2 |     5 ||     8
   Stab: Distracted        |       |       |       |    13 |    23 ||    36
         Petrified         |       |       |       |       |     8 ||     8
 Armour: Leather armour    |    62 |       |       |       |       ||    62
         Scale mail        |    52 |   181 |    96 |       |       ||   329
         Fire dragon scale |       |       |   177 |   355 |   490 ||  1022
         Gold dragon scale |       |       |       |       |   456 ||   456
  Dodge: Dodged            |    87 |   105 |   147 |   126 |   200 ||   665
  Block: Kite shield       |       |       |       |   148 |   640 ||   788
         Other             |       |       |       |    21 |       ||    21
         Reflection        |       |       |       |     4 |    35 ||    39
         Tower shield      |       |       |       |       |   574 ||   574

Table legend: (Time is in decaauts)
 A = Elapsed time spent in this place.
 B = Non-inter-level travel time spent in this place.
 C = Inter-level travel time spent in this place.
 D = Time resting spent in this place.
 E = Time spent auto-exploring this place.
 F = Levels seen in this place.
 G = Mean time per level.
                   A        B        C        D        E       F      G
               +--------+--------+--------+--------+--------+-----+--------+
         Total |  27968 |  25774 |   2194 |   2949 |  17108 |  27 | 1035.9 |
       Dungeon |  16530 |  15139 |   1391 |    768 |  11247 |  15 | 1102.0 |
        Temple |    112 |      6 |    106 |      0 |      0 |   1 |  112.0 |
          Lair |   6112 |   5660 |    452 |   1105 |   3482 |   4 | 1528.0 |
   Spider Nest |    318 |    315 |      3 |      0 |    158 |   1 |  318.0 |
  Orcish Mines |   3087 |   2864 |    223 |    909 |   1334 |   2 | 1543.5 |
   Elven Halls |    366 |    350 |     16 |      0 |    270 |   1 |  366.0 |
        Bazaar |     95 |     95 |      0 |      0 |     13 |   1 |   95.0 |
       Ossuary |    596 |    596 |      0 |    167 |    144 |   1 |  596.0 |
       Volcano |    748 |    748 |      0 |      0 |    459 |   1 |  748.0 |
               +--------+--------+--------+--------+--------+-----+--------+

Top non-repeatable levels by time:
  Lair:2: 2508 daAuts
   Orc:2: 2197 daAuts
    D:14: 1661 daAuts
    D:12: 1444 daAuts
     D:1: 1412 daAuts
  Lair:1: 1344 daAuts
    D:11: 1309 daAuts
    D:15: 1302 daAuts
     D:4: 1171 daAuts
  Lair:3: 1168 daAuts
    D:13: 1109 daAuts
  Lair:4: 1090 daAuts
     D:7: 1088 daAuts
     D:5: 966 daAuts
     D:2: 953 daAuts
